 Dungeon Crawl Stone Soup version 0.30-a0-879-ga8ba668304 (webtiles) character file.

Game seed: 13282767388078260565

767 Pimp the Firebug (level 7, -2/40 HPs)
             Began as a Gargoyle Fire Elementalist on Mar 13, 2023.
             Slain by Pikel
             ... wielding a +0 whip of flaming
              (10 damage)
             ... on level 5 of the Dungeon.
             The game lasted 00:15:47 (4923 turns).

Pimp the Firebug (Gargoyle Fire Elementalist)       Turns: 4923, Time: 00:15:47

Health: -2/40      AC:  7    Str: 16    XL:     7   Next: 82%
Magic:  2/12       EV: 13    Int: 16    God:
Gold:   274        SH:  0    Dex: 15    Spells: 4/13 levels left

rFire   + + .      SeeInvis .    g - staff of fire
rCold   . . .      Faith    .    (no shield)
rNeg    + . .      Spirit   .    k - +0 animal skin
rPois   ∞          Reflect  .    b - +0 helmet
rElec   +          Rampage  .    (no cloak)
rCorr   .                        (no gloves)
Will    .....                    (no boots)
Stlth   ++                       (no amulet)
HPRegen 0.26/turn                i - +6 ring of dexterity
MPRegen 0.13/turn                (no ring)

@: mighty, unable to drink
A: sickness immunity, AC +4, negative energy resistance 1, electricity
resistance, torment resistance 1, petrification resistance, fire resistance 1,
screaming 1, strong 1, inability to drink after injury 1
a: no special abilities


You were on level 5 of the Dungeon.
You visited 1 branch of the dungeon, and saw 5 of its levels.

You collected 274 gold pieces.

Inventory:

Hand Weapons
 c - a +1 dagger
Missiles
 q - 3 atropa-tipped darts
Armour
 a - a +0 robe
 b - a +0 helmet (worn)
 k - a +0 animal skin (worn)
Magical Staves
 g - a staff of fire (weapon)
Jewellery
 i - a +6 ring of dexterity (left hand)
 n - a ring of ice
 s - an amulet of faith
Wands
 f - a wand of light (4) (quivered)
 p - a wand of flame (13)
Scrolls
 h - a scroll of enchant weapon
 m - a scroll of vulnerability
 u - a scroll of poison
 v - a scroll of blinking {unknown}
 w - a scroll of brand weapon {unknown}
Potions
 d - 4 potions of degeneration
 e - a potion of curing
 l - 2 potions of resistance
 o - a potion of brilliance


   Skills:
 + Level 2.6 Fighting
 * Level 2.0 Staves
 + Level 3.2 Dodging
 - Level 3.2 Stealth
 + Level 3.6 Spellcasting
 + Level 3.7 Conjurations
 + Level 4.4 Fire Magic
 + Level 2.0 Evocations


You had 4 spell levels left.
You knew the following spells:

 Your Spells              Type           Power      Damage    Failure   Level
a - Foxfire               Conj/Fire      96%        2x1d8     3%          1
b - Scorch                Fire           50%        2d8       4%          2
c - Inner Flame           Hex/Fire       15%        N/A       22%         3
d - Kindle Blastsparks    Fire/Tloc/Air  22%        2d11      28%         3

Your spell library contained the following spells:

 Spells                   Type           Power      Damage    Failure   Level
 Flame Wave               Conj/Fire      24%        2d8       32%         4
 Fireball                 Conj/Fire      12%        3d7       65%         5
 Starburst                Conj/Fire      12%        6d5       99%         6


Dungeon Overview and Level Annotations

Branches:
Dungeon (5/15)
 Temple: D:4-7

Altars:
Ru

Shops:
D:2 ?   D:4 :

Annotations:
D:5 Pikel


Innate Abilities, Weirdness & Mutations

You are immune to sickness and miasma.
Your stone body is resilient. (AC +4)
You are immune to poison.
You resist negative energy. (rN+)
You are resistant to electric shocks. (rElec)
You are resistant to unholy torment.
You are immune to petrification.
Your flesh is heat resistant. (rF+)
You occasionally shout uncontrollably at your foes.
Your muscles are strong. (Str +4, Int/Dex -1)
You occasionally lose the ability to drink potions when taking damage.


Message History

Really quaff the potion of mutation?
You feel extremely strange.
Your body's shape seems more normal.
You feel stronger.
You occasionally lose the ability to drink potions when taking damage.
You feel the urge to shout.
You feel resistant to heat.
The lemure is no longer more vulnerable to fire.
Pikel hits you but does no damage.
You hit Pikel but do no damage.
Pikel is lightly wounded.
Pikel closely misses you. The lemure completely misses you. Pikel misses you.
You closely miss Pikel.
Pikel is lightly wounded.
You feel yourself speed up. The lemure hits you.
The lemure hits you but does no damage. Pikel completely misses you.
You hit Pikel but do no damage.
Pikel is lightly wounded.
The lemure hits you but does no damage.
Pikel hits you with a +0 whip of flaming.
* * * LOW HITPOINT WARNING * * *
The lemure misses you. The lemure hits you.
* * * LOW HITPOINT WARNING * * *
Okay, then.
Okay, then.
You feel better. The lemure barely misses you.
Pikel hits you with a +0 whip of flaming.
* * * LOW HITPOINT WARNING * * *
The lemure misses you. The lemure hits you.
* * * LOW HITPOINT WARNING * * *
You feel better. The lemure closely misses you. The lemure hits you.
* * * LOW HITPOINT WARNING * * *
The lemure closely misses you.
Pikel hits you with a +0 whip of flaming.
* * * LOW HITPOINT WARNING * * *
Your magical contamination has completely faded away.
You feel very mighty all of a sudden. The lemure misses you.
Pikel hits you with a +0 whip of flaming!
You feel threatened and lose the ability to drink potions!
You die...

...............
...............
...............
............... #+#
............... ...?
############'####'## .....
#..............#†...
......#..5...........#....
......'.K@...........#....
......#.55...........#....
..... #..............#....
.... ####################
###


You could see Pikel and 3 lemures.

Vanquished Creatures
  A black bear (D:5)
  2 ogres (D:4)
  A lemure (D:5)
  A phantom (D:4)
  2 orc priests (D:4)
  A hound (D:5)
  Jessica (D:2)
  3 orc wizards (D:4)
  A sleepcap (D:5)
  An iguana (D:5)
  Robin (D:2)
  A gnoll (D:3)
  7 adders
  2 ufetubi
  2 worms
  A dart slug (D:3)
  6 orcs
  8 endoplasms
  6 giant cockroaches
  15 goblins
  7 hobgoblins
  6 quokkas
  9 ball pythons
  4 bats
  3 frilled lizards
  5 kobolds
  11 rats
108 creatures vanquished.

Vanquished Creatures (others)
  A goblin (D:2)
  54 foxfires
  6 plants (D:2)
61 creatures vanquished.

Grand Total: 169 creatures vanquished

Notes
Turn   | Place    | Note
-------+----------+-------------------------------------------
     0 | D:1      | Pimp the Gargoyle Fire Elementalist began the quest for the
                  | Orb.
     0 | D:1      | Reached XP level 1. HP: 10/10 MP: 3/3
   183 | D:1      | Reached XP level 2. HP: 15/15 MP: 3/5
   972 | D:2      | Found a sacrificial altar of Ru.
  1084 | D:2      | Reached XP level 3. HP: 8/19 MP: 1/6
  1188 | D:2      | Identified a scroll of acquirement
  1188 | D:2      | Acquired a staff of fire
  1243 | D:2      | Learned a level 2 spell: Scorch
  1247 | D:2      | Learned a level 3 spell: Inner Flame
  1378 | D:2      | Noticed Robin
  1419 | D:2      | Reached XP level 4. HP: 20/24 MP: 3/7
  1433 | D:2      | Killed Robin
  1593 | D:2      | Noticed Jessica
  1598 | D:2      | Killed Jessica
  1783 | D:2      | Found a faded altar of an unknown god.
  1828 | D:2      | Found Utemuk's Magic Scroll Emporium.
  1940 | D:2      | Reached XP level 5. HP: 19/28 MP: 4/9
  2091 | D:3      | Learned a level 3 spell: Kindle Blastsparks
  2280 | D:3      | Gained mutation: Armour fits poorly on your strangely
                  | shaped body. [potion of mutation]
  2812 | D:3      | Reached skill level 1 in Fighting
  3488 | D:4      | Noticed an ogre
  3496 | D:4      | Killed an ogre
  3497 | D:4      | Reached skill level 1 in Evocations
  3497 | D:4      | Reached XP level 6. HP: 34/34 MP: 3/10
  3647 | D:4      | Reached skill level 4 in Fire Magic
  3846 | D:4      | Reached XP level 7. HP: 7/40 MP: 4/12
  4089 | D:4      | Found Zotucibb's Book Shoppe.
  4356 | D:4      | Reached skill level 1 in Staves
  4560 | D:5      | Entered Level 5 of the Dungeon
  4907 | D:5      | Noticed Pikel
  4917 | D:5      | Lost mutation: Armour fits poorly on your strangely shaped
                  | body. [potion of mutation]
  4917 | D:5      | Gained mutation: Your muscles are strong. (Str +4, Int/Dex
                  | -1) [potion of mutation]
  4917 | D:5      | Gained mutation: You occasionally lose the ability to drink
                  | potions when taking damage. [potion of mutation]
  4917 | D:5      | Gained mutation: You occasionally shout uncontrollably at
                  | your foes. [potion of mutation]
  4917 | D:5      | Gained mutation: Your flesh is heat resistant. (rF+)
                  | [potion of mutation]
  4923 | D:5      | Slain by Pikel

Illustrated notes

Levels and vault maps discovered:
D:1:      matt_arrival_spirals, layout_basic, serial_aquarium,
          aquarium_bridge_straight [aquarium_subvault_bridge,
          aquarium_subvault_window, aquarium_subvault_bridge,
          aquarium_subvault_wall], aquarium_bridge_island_large
          [aquarium_subvault_large_4_pools, aquarium_subvault_wall,
          aquarium_subvault_window, aquarium_subvault_bridge,
          aquarium_subvault_window], aquarium_window_2, aquarium_window_2,
          aquarium_window_2, aquarium_window_1, aquarium_view_2g,
          aquarium_balcony_3b, minmay_stone_trees_small
D:2:      layout_loops_ring, basic_altar, hellmonk_ecumenical_altar_zigzags,
          serial_shops, nicolae_shop_trees, guppyfry_early_lair_pool,
          uniq_robin, uniq_jessica
D:3:      minmay_octagon_keep, layout_loops_ring
D:4:      layout_cave_pods, serial_shops, shop,
          hangedman_abyss_or_decor_lesser_grid
D:5:      layout_gridville, uniq_pikel

Skill      XL: |  1  2  3  4  5  6  7 |
---------------+----------------------+-----
Dodging        | 2 3 |  3.2
Conjurations   | 2 3 |  3.7
Stealth        | 3 |  3.2
Fighting       | 1 2 |  2.6
Spellcasting   | 3 |  3.6
Evocations     | 1 2 |  2.0
Fire Magic     | 4 |  4.4
Staves         | 2 |  2.0

Action                     |  1- 3 |  4- 6 |  7- 9 || total
---------------------------+-------+-------+-------++-------
  Melee: Dagger            |    20 |       |       ||    20
         Staff             |    22 |    78 |    30 ||   130
         Punch             |     1 |     1 |     1 ||     3
   Cast: Foxfire           |    34 |       |     3 ||    37
         Scorch            |     9 |    58 |    22 ||    89
         Kindle Blastspark |       |       |     3 ||     3
  Evoke: Wand              |       |     1 |       ||     1
    Use: Potion            |     5 |     5 |     4 ||    14
         Scroll            |     4 |     8 |     2 ||    14
   Stab: Sleeping          |     3 |     9 |     1 ||    13
         Invisible         |     3 |       |       ||     3
 Armour: Robe              |    31 |     7 |       ||    38
         Animal skin       |       |    39 |    20 ||    59
  Dodge: Dodged            |    76 |    69 |    44 ||   189

Table legend: (Time is in decaauts)
 A = Elapsed time spent in this place.
 B = Non-inter-level travel time spent in this place.
 C = Inter-level travel time spent in this place.
 D = Time resting spent in this place.
 E = Time spent auto-exploring this place.
 F = Levels seen in this place.
 G = Mean time per level.
                   A        B        C        D        E       F      G
               +--------+--------+--------+--------+--------+-----+--------+
         Total |   4948 |   4877 |     71 |   1282 |   2464 |   5 |  989.6 |
       Dungeon |   4948 |   4877 |     71 |   1282 |   2464 |   5 |  989.6 |
               +--------+--------+--------+--------+--------+-----+--------+

Top non-repeatable levels by time:
     D:3: 1281 daAuts
     D:4: 1208 daAuts
     D:2: 1183 daAuts
     D:1: 909 daAuts
     D:5: 366 daAuts
